 Dungeon Crawl Stone Soup version 0.26-a0-61-g6c07f0ee8d (webtiles) character file.

Game seed: 7050667851518733744

19 MarredHen the Cutter (level 2, 0/19 HPs)
             Began as a Kobold Monk on June 8, 2020.
             Succumbed to an adder's poison
             ... on level 2 of the Dungeon.
             The game lasted 00:01:55 (1436 turns).

MarredHen the Cutter (Kobold Monk)                  Turns: 1436, Time: 00:01:56

Health: 0/19       AC:  2    Str:  8    XL:     2   Next: 95%
Magic:  2/2        EV: 17    Int: 11    God:
Gold:   54         SH:  0    Dex: 17    Spells: 1/1 levels left

rFire    . . .     SeeInvis .   a - +0 short sword
rCold    . . .     Gourm    .   (shield restricted)
rNeg     . . .     Faith    .   b - +0 robe
rPois    .         Spirit   .   (no helmet)
rElec    .         Reflect  .   h - scarf {repulsion}
rCorr    .         Harm     .   (no gloves)
MR       .....                  (no boots)
Stlth    ++........             (no amulet)
HPRegen  0.06/turn              j - ring of wizardry
MPRegen  0.08/turn              (no ring)

@: lethally poisoned (0 -> -16), hasted, repel missiles, very quick
A: small, carnivore
a: no special abilities


You were on level 2 of the Dungeon.
You were not hungry.

You visited 1 branch of the dungeon, and saw 2 of its levels.

You collected 54 gold pieces.

Inventory:

Hand Weapons
 a - a +0 short sword (weapon)
Armour
 b - a +0 robe (worn)
 h - a scarf of repulsion (worn)
Jewellery
 j - a ring of wizardry (left hand)
Scrolls
 e - 3 scrolls of identify
 i - a scroll of teleportation {unknown}
Potions
 d - a potion of haste
 f - a potion of mutation {unknown}
 g - a potion of stabbing {unknown}
 k - a potion of might {unknown}
Comestibles
 c - 3 rations


   Skills:
 + Level 3.6 Fighting
 + Level 4.5 Short Blades
 + Level 3.9 Dodging
 + Level 2.8 Stealth


You had one spell level left.
You didn't know any spells.
Your spell library was empty.

Dungeon Overview and Level Annotations

Branches:
Dungeon (2/15)

Altars:
Ashenzari
Cheibriados
Fedhas
Gozag
Okawaru
Qazlal
Sif Muna
Yredelemnul


Innate Abilities, Weirdness & Mutations

You are small and have problems with some larger weapons.
You are carnivorous and can eat meat at any time.


Message History

You miss the adder.
The adder is moderately wounded.
You feel sick. The bat closely misses you. The giant cockroach bites you.
The adder bites you. The bat misses you. The adder bites you.
There is a stone staircase leading up here.
You closely miss the bat.
The bat is heavily wounded.
You feel sick. The bat misses you. The adder bites you.
* * * LOW HITPOINT WARNING * * *
You are more poisoned.
The adder poisons you!
It was a potion of haste.
You feel yourself speed up. The bat barely misses you. The adder bites you.
* * * LOW HITPOINT WARNING * * *
You are more poisoned.
The adder poisons you!
The giant cockroach bites you but does no damage.
The adder barely misses you.
You die...

###....#.#
#..._....###
#._..._....#
.........>.####
._..8.._......
.......)$.#.#
#._..._.....#
#..._.Ss#.#.###
.......@.......
#..##....b.....
. .)...........
..PPP#.........
≈P≈≈≈.##.......
≈≈≈≈≈P ..#....
♣♣♣♣P≈ ..#####
♣♣P ..#


You could see an adder, a giant cockroach and a bat.

Vanquished Creatures
  A dart slug (D:1)
  A leopard gecko (D:1)
  2 bats (D:1)
  A giant cockroach (D:1)
  2 hobgoblins (D:1)
  A kobold (D:1)
  2 frilled lizards (D:1)
  4 goblins (D:1)
  A rat (D:1)
15 creatures vanquished.

Notes
Turn   | Place    | Note
-------+----------+-------------------------------------------
     0 | D:1      | MarredHen the Kobold Monk began the quest for the Orb.
     0 | D:1      | Reached XP level 1. HP: 14/14 MP: 1/1
   200 | D:1      | Reached XP level 2. HP: 9/19 MP: 2/2
  1419 | D:2      | Found a shimmering blue altar of Sif Muna.
  1419 | D:2      | Found a blossoming altar of Fedhas.
  1419 | D:2      | Found a snail-covered altar of Cheibriados.
  1419 | D:2      | Found a shattered altar of Ashenzari.
  1419 | D:2      | Found an iron altar of Okawaru.
  1419 | D:2      | Found a stormy altar of Qazlal.
  1419 | D:2      | Found an opulent altar of Gozag.
  1419 | D:2      | Found a basalt altar of Yredelemnul.
  1436 | D:2      | Succumbed to an adder's poison

Illustrated notes

Levels and vault maps discovered:
D:1:      kilobyte_arrival_exit_the_forest, layout_basic, roderic_lattice_a,
          minmay_tromino_mix6
D:2:      layout_basic, overflow_temple_1_default, grunt_temple_overflow_open,
          chequers_ecumenical_altar_island, serial_bayou_pond_c

Action                   || total
-------------------------++-------
Melee: Short sword       ||    61
  Use: Scroll            ||     1
       Potion            ||     1
 Stab: Sleeping          ||     3
  Eat: Chunk             ||     2
Armor: Robe              ||    14
Dodge: Dodged            ||    65

Table legend:
 A = Non-vault XP
 B = Vault XP
 C = Vault XP percentage of total XP
 D = Non-vault monster count
 E = Vault monster count
 F = Vault count percentage of total count
                 A         B        C        D         E       F
            +---------+---------+-------+---------+---------+-------
      Total |      24 |       4 |  14.3 |      13 |       2 |  13.3
            +---------+---------+-------+---------+---------+-------
        D:1 |      24 |       4 |  14.3 |      13 |       2 |  13.3
            +---------+---------+-------+---------+---------+-------
